[Event "GER-ch Youth-ODJM 2022 A"]
[Site "Willingen"]
[Date "2022.06.09"]
[Round "7.4"]
[White "Reger, Christoph"]
[Black "Akcapinar, Timur"]
[Result "0-1"]
[ECO "A45"]
[WhiteElo "1056"]
[BlackElo "1278"]
[Annotator "NA RC COMBH"]
[PlyCount "84"]
[EventDate "2022.06.05"]
[EventType "swiss"]
[EventRounds "9"]
[EventCountry "GER"]
[SourceTitle "playchess.com"]
[Source "ChessBase"]
[SourceQuality "1"]
[TimeControl "40/4500+30:900+30"]

1. d4 Nf6 2. Bf4 c5 3. e3 Qb6 4. b3 d6 5. Nf3 Nh5 6. Bg3 Nxg3 7. hxg3 Bg4 8. Nbd2 Nc6 9. Nc4 Qb4+ 10. Qd2 Qxd2+ 11. Ncxd2 g6 12. Bb5 Bg7 13. Rc1 a6 14. Bxc6+ bxc6 15. dxc5 dxc5 16. c4 Bf5 17. Nh4 Bb2 18. O-O Bxc1 19. Rxc1 O-O-O 20. Nhf3 f6 21. Re1 g5 22. e4 Bg6 23. Nb1 Rd7 24. Nc3 Rhd8 25. e5 Rd3 26. Na4 Rd1 27. Kh2 Rxe1 28. Nxe1 g4 29. exf6 exf6 30. Nxc5 Rd1 31. Nf3 gxf3 32. gxf3 Rd2 33. a4 Rxf2+ 34. Kh3 Rxf3 35. Kg4 Rf5 36. Nxa6 c5 37. b4 cxb4 38. Nxb4 Rc5 39. Nd5 Rxc4+ 40. Kh3 Kb7 41. a5 Rc5 42. Nb4 Rxa5 0-1

[Event "GER-ch Youth-ODJM 2022 A"]
[Site "Willingen"]
[Date "2022.06.09"]
[Round "7.5"]
[White "Fahlbusch, Niclas"]
[Black "Fröhlich, Niklas"]
[Result "0-1"]
[ECO "A45"]
[WhiteElo "1280"]
[BlackElo "1242"]
[Annotator "NA RC COMBH"]
[PlyCount "102"]
[EventDate "2022.06.05"]
[EventType "swiss"]
[EventRounds "9"]
[EventCountry "GER"]
[SourceTitle "playchess.com"]
[Source "ChessBase"]
[SourceQuality "1"]
[TimeControl "40/4500+30:900+30"]

1. d4 Nf6 2. Bf4 g6 3. Qd2 d6 4. Nc3 Bg7 5. e4 Nbd7 6. Nf3 O-O 7. O-O-O c5 8. dxc5 Nxc5 9. e5 Nfe4 10. Nxe4 Nxe4 11. Qe3 d5 12. Bd3 Qa5 13. a3 Nc5 14. h4 Nxd3+ 15. Qxd3 Bf5 16. Qxd5 Rac8 17. Qxa5 Rxc2+ 18. Kb1 Rc5+ 19. Ka1 Rxa5 20. h5 Bg4 21. hxg6 fxg6 22. Rd4 h5 23. Nh4 Kh7 24. f3 Be6 25. g4 Bxe5 26. Bxe5 Rxe5 27. Ng2 Rxf3 28. gxh5 Rxh5 29. Rxh5+ gxh5 30. Rf4 Rxf4 31. Nxf4 Bg4 32. Kb1 h4 33. Kc2 h3 34. Nxh3 Bxh3 35. Kd3 Kg6 36. Ke4 Kf6 37. b4 Bg2+ 38. Ke3 Bc6 39. Kf4 e5+ 40. Ke3 Kf5 41. a4 Bxa4 42. b5 Bxb5 43. Kf3 a5 44. Ke3 a4 45. Kd2 e4 46. Kc2 e3 47. Kd1 e2+ 48. Kc2 e1=Q 49. Kb2 Qd2+ 50. Kb1 Bc4 51. Ka1 Qa2# 0-1

[Event "GER-ch Youth-ODJM 2022 A"]
[Site "Willingen"]
[Date "2022.06.09"]
[Round "7.7"]
[White "Nied, Pascal"]
[Black "Garbuz, Vitaly"]
[Result "1-0"]
[ECO "B38"]
[WhiteElo "2030"]
[BlackElo "2134"]
[Annotator "TA"]
[PlyCount "65"]
[EventDate "2022.06.05"]
[EventType "swiss"]
[EventRounds "9"]
[EventCountry "GER"]
[SourceTitle "playchess.com"]
[Source "ChessBase"]
[SourceQuality "1"]
[TimeControl "40/4500+30:900+30"]

1. e4 c5 2. Nf3 Nc6 3. d4 cxd4 4. Nxd4 g6 5. c4 Bg7 6. Be3 Qb6 {[%emt 0:00:00][%cal Rc6d4] is recently more successful than 6...Nf6.} 7. Nb3 {[%emt 0:00:00] B38: Sicilian: Maroczy Bind with 5...Bg7 and 7...0-0.} Qc7 8. Qd2 Nf6 9. Nc3 {[%emt 0:00:00] White is slightly better.} d6 10. Be2 O-O 11. O-O b6 12. Rac1 Bb7 13. Nd4 (13. Rfd1 $16) 13... Rac8 (13... Nxd4 $15 14. Bxd4 e5) 14. f3 $14 Qb8 15. Nd5 Rfe8 {[%emt 0:01:25] [#]} 16. b4 $146 {[%emt 0:01:21] 0x0.002052cc313ddp-1022s more active pieces.} ({Better is} 16. Nb5 $16) ({Predecessor:} 16. Nb5 Nd7 17. Rfd1 Ba8 18. b3 a6 19. Nbc3 e6 20. Nf4 Bf8 21. Nh3 Nce5 22. Nf2 {½-½ (58) Bubir,A (2431)-Sassler,A (2387) LSS email 2011}) 16... Nd7 17. Rfd1 e6 {[%emt 0:09:36] [#] Hoping for ...Nxd4.} 18. Nxc6 Rxc6 19. Nc3 Ne5 (19... Bf6 $14) 20. Nb5 $16 f5 {[%emt 0:20:24] This move loses the game for Black.} (20... Rd8 $16) 21. Nxd6 $18 Rd8 22. c5 {[%emt 0:00:08] aiming for exf5.} bxc5 23. bxc5 Nf7 (23... fxe4 $142 24. fxe4 Ba6 25. Bxa6 Rxa6) 24. Qb4 Nxd6 25. cxd6 ({Less strong is} 25. Rxd6 Rdxd6 26. cxd6 a5 27. Qxa5 Rxc1+ 28. Bxc1 Qxd6 $16) 25... Rxc1 26. Rxc1 ({Weaker is} 26. Bxc1 fxe4 27. d7 Bf6 28. fxe4 Bc6 29. Qxb8 Rxb8 $18) 26... fxe4 27. Rb1 {[%emt 0:01:37] White is clearly winning.} exf3 28. Bxf3 Qxd6 29. Qxd6 Rxd6 30. Rxb7 Rd3 31. Kf2 Bf8 32. Be2 Ra3 33. Bc4 {[%emt 0:00:16] Weighted Error Value: White=0.22 (precise) /Black=0.46} 1-0

[Event "GER-ch Youth-ODJM 2022 A"]
[Site "Willingen"]
[Date "2022.06.09"]
[Round "7.8"]
[White "Lau, Lars"]
[Black "Zinnikus, Elias"]
[Result "1-0"]
[ECO "A16"]
[WhiteElo "929"]
[BlackElo "1282"]
[Annotator "NA RC COMBH"]
[PlyCount "179"]
[EventDate "2022.06.05"]
[EventType "swiss"]
[EventRounds "9"]
[EventCountry "GER"]
[SourceTitle "playchess.com"]
[Source "ChessBase"]
[SourceQuality "1"]
[TimeControl "40/4500+30:900+30"]

1. c4 Nf6 2. Nc3 g6 3. e3 Bg7 4. Be2 O-O 5. Nf3 d6 6. O-O Re8 7. b3 Bd7 8. Bb2 a5 9. Nd5 e5 10. Nxf6+ Bxf6 11. d4 Qe7 12. Re1 Na6 13. a3 e4 14. Nd2 c5 15. f3 Bc6 16. Rb1 cxd4 17. exd4 e3 18. Nf1 d5 19. cxd5 Bxd5 20. Bxa6 Rxa6 21. Rxe3 Re6 22. Rxe6 Qxe6 23. Ng3 Bxb3 24. Qd2 Qb6 25. Ne4 Bg7 26. Re1 Bd5 27. Nf6+ Bxf6 28. Rxe8+ Kg7 29. Bc1 Qxd4+ 30. Qe3 Qd1+ 31. Qe1 Bd4+ 32. Kh1 Qxe1+ 33. Rxe1 Bc6 34. Bd2 a4 35. Be3 Bb2 36. Rd1 Bxa3 37. Bd4+ Kg8 38. Be3 f5 39. Bh6 Kf7 40. Kg1 Kf6 41. Kf2 g5 42. f4 g4 43. Bg5+ Kg6 44. Ke3 Bc5+ 45. Kd3 b5 46. Rc1 Be4+ 47. Ke2 Bf8 48. Rc8 Bd6 49. Rg8+ Kf7 50. Rd8 Ke6 51. Re8+ Kd5 52. Rd8 Kc5 53. Rc8+ Kb4 54. Kd2 a3 55. g3 Bc5 56. Bf6 Kc4 57. Be7 a2 58. Rxc5+ Kd4 59. Rc1 b4 60. Bxb4 Bd5 61. Bd6 Ke4 62. Be5 Kf3 63. Rf1+ Kg2 64. Ke1 Kxh2 65. Kf2 h5 66. Rd1 Bf3 67. Rd2 Kh3 68. Rxa2 h4 69. gxh4 Kxh4 70. Bf6+ Kh3 71. Bg5 Be4 72. Ra3+ Kh2 73. Bh4 Bf3 74. Rxf3 gxf3 75. Kxf3 Kh3 76. Bg5 Kh2 77. Ke3 Kg3 78. Kd4 Kh3 79. Ke5 Kg4 80. Kf6 Kh5 81. Kg7 Kg4 82. Kg6 Kg3 83. Kxf5 Kf3 84. Ke5 Kg4 85. Bd8 Kh5 86. f5 Kh6 87. f6 Kh7 88. Ke6 Kg8 89. f7+ Kf8 90. Be7+ 1-0

[Event "GER-ch Youth-ODJM 2022 A"]
[Site "Willingen"]
[Date "2022.06.09"]
[Round "7.9"]
[White "Dornieden, Jonas"]
[Black "Savchenko, Daniel"]
[Result "1/2-1/2"]
[ECO "D31"]
[WhiteElo "2069"]
[BlackElo "2134"]
[Annotator "TA"]
[PlyCount "77"]
[EventDate "2022.06.05"]
[EventType "swiss"]
[EventRounds "9"]
[EventCountry "GER"]
[SourceTitle "playchess.com"]
[Source "ChessBase"]
[SourceQuality "1"]
[TimeControl "40/4500+30:900+30"]

1. d4 d5 2. c4 e6 3. Nc3 Be7 4. cxd5 exd5 5. Bf4 c6 6. e3 Bf5 7. g4 Bg6 8. h4 {[%emt 0:00:00] [#] aiming for h5. D31: Queen's Gambit Declined: Semi-Slav without ...Nf6 (+ Marshall Gambit and Noteboom) and Exchange Variation lines without ...Nf6.} h5 9. g5 Bd6 10. Nge2 {[%emt 0:00:00] White is slightly better.} Na6 11. a3 {[%emt 0:03:15] Inhibits Nb4.} ({White should try} 11. Ng3 $16) 11... Ne7 $14 {[%emt 0:06:33] [#]} 12. Rc1 $146 ({Predecessor:} 12. Bxd6 Qxd6 13. Nf4 Nc7 14. Be2 Ne6 15. Nxg6 fxg6 16. Bd3 O-O 17. Ne2 Rae8 18. Ng1 Nxd4 19. exd4 {0-1 (36) Tsirulnik,A (1938)-Zingaylo,A Lvov 2007}) 12... Nc7 13. Bxd6 Qxd6 14. Nf4 Ne6 15. Nxg6 fxg6 16. Bd3 O-O 17. Qd2 Nf5 18. Ne2 Rae8 19. Kd1 c5 {[%emt 0:04:08][%cal Rc5d4] Prevents Qb4.} 20. Bxf5 gxf5 (20... Rxf5 $17 21. dxc5 Nxc5) 21. f4 $15 Rc8 22. Rc3 g6 (22... Rc6 $15) 23. Kc1 (23. dxc5 $11 {remains equal.} Nxc5 24. Qc2) 23... cxd4 (23... c4 $17) 24. Nxd4 $11 Nc5 25. Qc2 Qd7 $1 {[%emt 0:01:03] Hoping for ...Ne4.} 26. Kb1 ({Reject} 26. Rxc5 Rxc5 27. Qxc5 Rc8 28. Qxc8+ Qxc8+ 29. Kd2 Qd8 $15) 26... Ne4 27. Rxc8 Rxc8 28. Qg2 Qc7 {[%emt 0:05:04] Against Rc1} 29. Rd1 Qa5 30. Qe2 a6 31. Qe1 Qb6 {[%emt 0:02:37] Threatens to win with ...Nc3+.} 32. Rc1 {[%emt 0:00:51] Prevents Nc3+.} Rc4 {[%emt 0:00:14] [#]} ({Better is} 32... Rc5 $14) 33. Nf3 $1 $16 Nd6 (33... Rc7 $16) 34. Qd2 $2 ({Only move:} 34. Ne5 $18) 34... Rxc1+ $11 35. Kxc1 Qc5+ 36. Kb1 $1 ({Much weaker is} 36. Qc3 Qxc3+ 37. bxc3 Nc4 $17) 36... Nc4 37. Qd4 Qxd4 (37... Qd6 $14) 38. exd4 $16 Ne3 39. Ne1 {[%emt 0:00:12] Prevents Ng2.  Weighted Error Value: White=0.22 (precise) /Black=0.22 (precise)} 1/2-1/2

[Event "GER-ch Youth-ODJM 2022 A"]
[Site "Willingen"]
[Date "2022.06.09"]
[Round "7.10"]
[White "Koll, Linus"]
[Black "Köhler, Lukas"]
[Result "1/2-1/2"]
[ECO "B10"]
[WhiteElo "1989"]
[BlackElo "2099"]
[Annotator "TA"]
[PlyCount "50"]
[EventDate "2022.06.05"]
[EventType "swiss"]
[EventRounds "9"]
[EventCountry "GER"]
[SourceTitle "playchess.com"]
[Source "ChessBase"]
[SourceQuality "1"]
[TimeControl "40/4500+30:900+30"]

1. e4 c6 2. Nf3 d5 3. exd5 cxd5 4. Ne5 a6 5. d4 Nc6 6. c3 {[%emt 0:00:00] B10: Caro-Kann: 2 d3 and 2 c4.} Nxe5 7. dxe5 Bf5 {[%emt 0:00:00] [#]} 8. Qa4+ $146 ({Predecessor:} 8. Bd3 Bxd3 9. Qxd3 e6 10. O-O Qc7 11. Re1 Bc5 12. Nd2 Ne7 13. Nf3 Nf5 14. Bd2 {0-1 (64) Chigaev,M (2589)-Fedoseev,V (2678) Chess.com INT 2020}) 8... Qd7 9. Qxd7+ Bxd7 10. Be3 f6 11. exf6 gxf6 12. c4 dxc4 13. Bxc4 Rc8 14. Be2 {[%emt 0:01:34] White is more active.} (14. Bb3 $14) 14... Bh6 $11 15. Nc3 Bxe3 16. Bh5+ Kf8 {[%emt 0:00:37] [#] Threatens to win with ...Bd4.} 17. fxe3 e6 18. O-O Ke7 19. Ne4 Bc6 20. Ng3 Nh6 21. Rf2 Rhf8 22. Rd2 Rcd8 23. Rad1 {[%emt 0:00:08] The position is equal.} Rxd2 24. Rxd2 Rg8 25. Bf3 Bxf3 {[%emt 0:08:02] Weighted Error Value: White=0.09 (flawless) /Black=0.05 (flawless)} 1/2-1/2

[Event "GER-ch Youth-ODJM 2022 A"]
[Site "Willingen"]
[Date "2022.06.09"]
[Round "7.11"]
[White "Kracht, Raphael"]
[Black "Brunner, Tobias"]
[Result "0-1"]
[ECO "B10"]
[WhiteElo "2086"]
[BlackElo "2007"]
[Annotator "TA"]
[PlyCount "88"]
[EventDate "2022.06.05"]
[EventType "swiss"]
[EventRounds "9"]
[EventCountry "GER"]
[SourceTitle "playchess.com"]
[Source "ChessBase"]
[SourceQuality "1"]
[TimeControl "40/4500+30:900+30"]

1. e4 c6 2. Ne2 d5 3. e5 c5 4. d4 Nc6 5. c3 Bf5 6. Ng3 {[%emt 0:00:00] B12: Caro-Kann: Advance Variation.} Bxb1 7. Rxb1 e6 8. a3 {[%emt 0:00:00] White is slightly better.} Qb6 9. Be3 cxd4 10. cxd4 g6 11. Bd3 {[%emt 0:04:44] [#]} Bg7 $146 ({Predecessor:} 11... h5 12. Ne2 Nh6 13. Nf4 Ng4 14. O-O Bh6 15. Nxg6 fxg6 16. Bxg6+ Kd7 17. Bxh6 Nxh6 {0-1 (45) Krishna,U (1843)-Meshkov,Y (2356) Zaragoza 2013}) 12. h4 h5 13. Ne2 Nh6 14. f3 $2 {[%emt 0:01:48] Inhibits Ng4.} (14. Bg5 $14 {stays ahead.}) 14... Nxe5 $1 $17 {[%emt 0:09:27] Black continues to play with concentration.} 15. Bf2 Nxd3+ 16. Qxd3 O-O 17. O-O Rac8 18. b3 Rc6 19. Rfc1 Rfc8 20. Rc5 {[%emt 0:00:12] [#]} (20. Rxc6 {was worth a try.} Rxc6 21. g3) 20... Bf8 ({Stronger than} 20... Rxc5 21. dxc5 Qc7 22. Nd4 $17) (20... Bxd4 $142 $1 21. Bxd4 (21. Nxd4 Rxc5) 21... Rxc5) 21. Rb5 $2 (21. Rxc6 Rxc6 22. a4) 21... Qc7 $19 22. Bg3 Qd7 23. Be5 a6 24. Ra5 Qd8 25. b4 Qxh4 26. b5 axb5 {[%emt 0:01:06] aiming for ...Nf5.} 27. Raxb5 Ra6 ({Wrong is} 27... Rc2 $2 28. Rxb7 Nf5 29. Rb8 $19) 28. R1b3 $2 (28. Rxb7 Rxa3 29. Qd2) 28... Rca8 29. Bg3 Qd8 30. Rxb7 Rxa3 31. Rxa3 Rxa3 32. Qb5 (32. Qxa3 Bxa3 33. Rb8) 32... Ra1+ 33. Kf2 Qf6 34. Bf4 g5 (34... Qh4+ $142 35. Ke3 Nf5+ 36. Kd3 Qe1) 35. Qb2 Rh1 36. Ng3 Ng4+ 37. Ke2 Rh2 38. Nxh5 Rxh5 39. fxg4 Rh1 ({Worse is} 39... Qxf4 40. gxh5 Qg3 41. Kd1 $15) 40. Bg3 Qg6 {[%emt 0:01:21] ( -> ...Qe4+)} 41. Kf2 Qd3 {[%emt 0:15:51][%csl Gd3][%cal Rh1f1] Black mates.} 42. Qe2 Qxd4+ 43. Qe3 {[%emt 0:00:15] [#]} Rf1+ $3 44. Ke2 (44. Kxf1 Qxe3) 44... Re1+ $4 {[%mdl 40960] Weighted Error Value: White=1.05/Black=0.36. Loss on time!?} 0-1

[Event "GER-ch Youth-ODJM 2022 A"]
[Site "Willingen"]
[Date "2022.06.09"]
[Round "7.12"]
[White "François, Yannick"]
[Black "Lohr, Maximilian"]
[Result "1/2-1/2"]
[ECO "A21"]
[WhiteElo "1867"]
[BlackElo "2080"]
[Annotator "TA"]
[PlyCount "56"]
[EventDate "2022.06.05"]
[EventType "swiss"]
[EventRounds "9"]
[EventCountry "GER"]
[SourceTitle "playchess.com"]
[Source "ChessBase"]
[SourceQuality "1"]
[TimeControl "40/4500+30:900+30"]

1. c4 e5 2. Nc3 Bb4 3. Nd5 Bc5 4. e3 c6 5. Nc3 d5 6. cxd5 cxd5 7. d4 exd4 8. exd4 Be7 9. Nf3 Nf6 10. Be2 Nc6 11. O-O O-O 12. Re1 {[%emt 0:00:00] B14: Caro-Kann: Panov-Botvinnik Attack with 5...e6 and 5...g6.} Ne4 {[%emt 0:00:00] [#]} 13. Ne5 $146 ({Predecessor:} 13. Bd3 Nxc3 14. bxc3 Bg4 15. Bc2 Bh5 16. Bf4 Bd6 17. Bxd6 Qxd6 18. Re3 Rae8 19. Qe2 Re6 20. Re1 Rfe8 21. Qd3 {0-1 (48) Ursic,S (2089)-Kersic,M (2148) Nova Gorica 2007}) 13... Nxc3 14. bxc3 {[%emt 0:00:11] The position is equal.} Nxe5 15. dxe5 Be6 16. Be3 f5 (16... Rc8 $11) 17. exf6 Bxf6 18. Bd4 Qd7 19. Bf3 Kh8 20. Rb1 Bg8 21. Qd3 b6 (21... h6 $11 {keeps the balance.}) 22. Bxf6 $16 {[%emt 0:02:24] White is more active.} Rxf6 {[%emt 0:00:39] [#]} 23. c4 $1 Rd6 24. Rbd1 Rd8 25. cxd5 h6 {[%emt 0:00:17][%cal Rg8d5] White is better.} (25... Bxd5 $2 26. Bxd5 h6 27. Re5 $18) 26. Re5 Qa4 27. Qb3 (27. Qe2 $142) 27... Qxb3 28. axb3 a5 {[%emt 0:01:44] Weighted Error Value: White=0.13 (very precise) /Black=0.25 (precise)} 1/2-1/2

[Event "GER-ch Youth-ODJM 2022 A"]
[Site "Willingen"]
[Date "2022.06.09"]
[Round "7.13"]
[White "Hofmann, Lorenz"]
[Black "Jenner, Meikel"]
[Result "1-0"]
[ECO "D00"]
[WhiteElo "2056"]
[BlackElo "1981"]
[Annotator "TA"]
[PlyCount "63"]
[EventDate "2022.06.05"]
[EventType "swiss"]
[EventRounds "9"]
[EventCountry "GER"]
[SourceTitle "playchess.com"]
[Source "ChessBase"]
[SourceQuality "1"]
[TimeControl "40/4500+30:900+30"]

1. d4 d5 2. Nc3 Nf6 3. Bf4 c6 4. e3 g6 5. Qd2 Bg7 6. f3 {[%emt 0:00:00] D00: 1 d4 d5: Unusual lines.} Nh5 7. Bg5 {[%emt 0:00:00] [#]} f6 $146 (7... h6 $11 8. Bh4 Nd7) ({Predecessor:} 7... f5 8. O-O-O Qa5 9. a3 b5 10. Bxe7 Qc7 11. Bc5 a5 12. Bxb5 cxb5 13. Nxb5 Qc6 {1-0 (28) Cayon,R-Royet,G Barranquilla 1999}) 8. Bh4 $14 {[%emt 0:00:00] g4 is the strong threat. White is slightly better.} Bh6 9. f4 (9. O-O-O $14 {might be stronger.}) 9... Qd6 (9... O-O $11) 10. Bg3 ({Better is} 10. h3 $14) 10... b5 $11 11. Be2 Nxg3 12. hxg3 Bg7 13. Bd3 e5 (13... O-O $11) 14. Rxh7 $1 $16 {[%emt 0:04:39] White is more active.} Rxh7 ({Black should try} 14... O-O $1 $14 15. dxe5 (15. Bxg6 f5 $17) 15... fxe5) 15. Bxg6+ $18 Kf8 16. Bxh7 f5 $2 (16... e4 17. Qe2 Nd7) 17. g4 $2 (17. dxe5 $18 {and the rest is easy.} Qh6 18. Nxd5 $1 cxd5 19. Qxd5) 17... exd4 $16 18. exd4 fxg4 {[%emt 0:02:58] [#]} 19. O-O-O $1 Nd7 20. Kb1 (20. Nge2 $16) 20... Nf6 (20... Nb6 $14) 21. Bd3 a5 22. Nge2 a4 23. a3 (23. Re1 $16) 23... b4 $14 24. axb4 a3 {[%emt 0:00:06] This move loses the game for Black.} (24... Qxb4 $14 25. Ne4 Qxd2 26. Nxd2 Kf7) 25. b3 $18 a2+ 26. Nxa2 Qc7 27. Rh1 Qa7 28. c3 Ne4 29. Bxe4 dxe4 30. f5 Bxf5 $2 (30... e3 31. Qc2 Bf6) 31. Rf1 Qf7 32. Qc2 {[%emt 0:00:21] Weighted Error Value: White=0.51/Black=0.46} 1-0

[Event "GER-ch Youth-ODJM 2022 A"]
[Site "Willingen"]
[Date "2022.06.09"]
[Round "7.14"]
[White "Weigand, Anton"]
[Black "Irkilmez, Yakub"]
[Result "1/2-1/2"]
[ECO "C00"]
[WhiteElo "1872"]
[BlackElo "2169"]
[Annotator "TA"]
[PlyCount "103"]
[EventDate "2022.06.05"]
[EventType "swiss"]
[EventRounds "9"]
[EventCountry "GER"]
[SourceTitle "playchess.com"]
[Source "ChessBase"]
[SourceQuality "1"]
[TimeControl "40/4500+30:900+30"]

1. e4 e6 2. d4 d5 3. Bd3 dxe4 4. Bxe4 Nf6 5. Bf3 c5 6. Ne2 Nc6 {[%emt 0:00:00][%cal Rc6d4] C01: French: Exchange Variation.} 7. Be3 e5 {[%emt 0:00:00] [#] ...e4 is the strong threat.} 8. Bxc6+ bxc6 {[%emt 0:00:00] The position is equal.} 9. c3 ({White should play} 9. dxe5 $11 Qxd1+ 10. Kxd1) 9... cxd4 $15 10. cxd4 c5 {[%emt 0:00:51] [#]} 11. dxc5 $146 ({Predecessor:} 11. dxe5 Qxd1+ 12. Kxd1 Ng4 13. Nd2 Nxe5 14. Nf4 Rb8 15. b3 Bb7 16. Re1 f6 17. Ne6 {0-1 (36) Michelle,C (2088)-Gomes,M (2325) Chennai 2011}) 11... Qxd1+ 12. Kxd1 Nd5 13. c6 Nxe3+ 14. fxe3 Ba6 15. c7 Rc8 16. Nec3 Rxc7 17. Kc2 Be7 18. Rd1 (18. Nd2 $17 {might work better.}) 18... O-O $19 19. Nd2 Rb8 20. Rac1 (20. e4 $17) 20... Bg5 {[%emt 0:12:01] A strong pair of Bishops.} 21. e4 Be2 22. Re1 Bxd2 23. Kxd2 Rxb2+ 24. Rc2 Rxc2+ 25. Kxc2 {[%emt 0:02:19][%mdl 4096] Endgame KRB-KRN} Bc4 26. a3 f6 27. Rd1 Kf7 28. Kd2 Bb3 29. Rc1 Rd7+ 30. Ke3 Rc7 (30... Ke6 $17 31. Nb5 Rb7 32. Nc7+ Ke7) 31. Na2 $2 Rxc1 32. Nxc1 {[%emt 0:00:09] KB-KN} Bc4 33. Kd2 Ke6 34. Kc3 Bf1 35. g3 g6 36. Nb3 f5 37. Nd2 (37. Nc5+ {is the only way for White.} Kd6 38. Nb7+ Kc7 39. Nc5) 37... Bg2 38. exf5+ gxf5 39. Kc4 f4 40. Kd3 Kf5 {[%emt 0:01:22] Hoping for ...fxg3.} 41. gxf4 (41. Ke2 $142 Kg4 42. gxf4) 41... exf4 42. Ke2 Bd5 43. Nb1 Bc6 44. Nd2 Ke5 45. Kd3 (45. Nb3 $142 Bd5 46. Nc5) 45... Bb5+ 46. Kc3 Kf5 47. Kd4 Bc6 {[%emt 0:00:00] Prevents Ne4. White must now prevent ...Kg4.} 48. Nc4 Bg2 49. Ne5 Bf1 50. Kd5 $2 {[%emt 0:00:00] [#]} (50. Nc6 $19) 50... f3 51. Kd4 Kf4 {[%emt 0:00:07] ( -> ...f2)} 52. Nd3+ {[%emt 0:14:25][%mdl 32768] Weighted Error Value: White=0.63/Black=0.12 (very precise) . An unexpected result.} 1/2-1/2

[Event "GER-ch Youth-ODJM 2022 A"]
[Site "Willingen"]
[Date "2022.06.09"]
[Round "7.15"]
[White "Metzinger, Hannes"]
[Black "Kotyk, Michael"]
[Result "1/2-1/2"]
[ECO "A13"]
[WhiteElo "1845"]
[BlackElo "2197"]
[Annotator "TA"]
[PlyCount "89"]
[EventDate "2022.06.05"]
[EventType "swiss"]
[EventRounds "9"]
[EventCountry "GER"]
[SourceTitle "playchess.com"]
[Source "ChessBase"]
[SourceQuality "1"]
[TimeControl "40/4500+30:900+30"]

1. c4 e6 2. e4 d5 3. exd5 exd5 4. d4 Nf6 5. Nc3 Be7 6. Bd3 dxc4 7. Bxc4 O-O 8. Nf3 Bg4 9. Be3 Nbd7 {[%emt 0:00:00] C01: French: Exchange Variation.} 10. O-O Nb6 11. Bb3 c6 12. h3 Bh5 13. g4 Bg6 14. Ne5 Nfd5 {[%emt 0:00:52] [#]} 15. Qe2 $146 ({Predecessor:} 15. Qf3 a5 16. a4 Bb4 17. Rac1 Qd6 18. Bd2 Nc7 19. Bf4 Ncd5 20. Nxg6 Qxg6 21. Nxd5 Nxd5 22. Bxd5 cxd5 23. Qxd5 {½-½ (59) Aghasiyev,K (2411)-Gusev,A (2400) Efremov 2017}) 15... a5 16. f4 {[%emt 0:05:10][%cal Bf2f4,Bf4f5][%mdl 32] Threatens to win with Nxd5.} a4 (16... Nxc3 $11 17. bxc3 a4 18. Nxg6 hxg6) 17. Bxd5 $16 Nxd5 18. f5 f6 (18... Nxe3 $16 {keeps fighting.} 19. Qxe3 Bg5) 19. Nxg6 $18 (19. fxg6 $6 fxe5 20. dxe5 hxg6 $11) 19... hxg6 20. fxg6 {[%emt 0:00:04][%cal Og4g5] Black must now prevent g5!} Qe8 21. Nxd5 cxd5 22. Qd3 {[%emt 0:00:44] Strongly threatening Qf5.} Bb4 23. Rac1 Qe6 24. Bf4 (24. Rc7 $16) 24... Rfe8 ({Black should play} 24... f5 $14) 25. Rc7 Qe4 26. Qxe4 Rxe4 27. Rxb7 Rxd4 28. g5 (28. Kg2 $142) 28... Rf8 (28... a3 $16) 29. gxf6 Rxf6 30. Rb8+ Rf8 31. Be5 {[%emt 0:01:45] White wants to mate with Rfxf8+.} Rxb8 32. Bxd4 {[%emt 0:00:06][%mdl 4096] Endgame Rf7 is the strong threat. KRB-KRB} Rc8 33. Rf7 Bf8 34. Rf5 {[%emt 0:05:49] White is much more active.} (34. Ra7 $1 $16) 34... Rc4 35. Be5 ({Wrong is} 35. Rxd5 $2 Rxd4 $1 36. Rxd4 Bc5 $19) 35... d4 (35... a3 $14) 36. Kf1 (36. a3 $16) 36... Rc1+ 37. Ke2 Rc2+ {[%emt 0:00:01] [#]} 38. Kd3 (38. Kf3 $1 $16) 38... Rxb2 $11 39. Bxd4 Rxa2 40. Ra5 Ra3+ 41. Ke4 {[%emt 0:15:18] And now Ra8 would win.} Rg3 {[%emt 0:16:26] The position is equal.} ({Don't take} 41... Rxh3 42. Rxa4 Ra3 43. Rc4 $14) 42. Rxa4 Rxg6 43. Ra8 Kf7 44. Ra7+ Kg8 45. Ra8 {[%emt 0:00:06] Black defended with fortune.  Weighted Error Value: White=0.15 (very precise) /Black=0.21 (precise)} 1/2-1/2